 Dungeon Crawl Stone Soup version 0.21.0-3-g78d12a8 (webtiles) character file.

6527 Inchmeat the Spear-Bearer (level 11, -4/96 HPs)
             Began as a Merfolk Gladiator on Jan 17, 2018.
             Was an Elder of Makhleb.
             Slain by a white ugly thing (30 damage)
             ... on level 10 of the Dungeon.
             The game lasted 00:29:06 (11371 turns).

Inchmeat the Spear-Bearer (Merfolk Gladiator)      Turns: 11371, Time: 00:29:07

Health: -4/96      AC: 11    Str: 19    XL:     11   Next: 1%
Magic:  15/15      EV: 12    Int: 10    God:    Makhleb [****..]
Gold:   1161       SH:  0    Dex: 15    Spells: 8/10 levels left

rFire    + . .     SeeInvis .   a - +0 trident
rCold    x . .     Gourm    .   (no shield)
rNeg     . . .     Faith    +   y - +0 scale mail
rPois    .         Spirit   .   Q - +1 helmet
rElec    .         Reflect  .   r - +2 cloak
rCorr    .         Harm     .   (no gloves)
MR       .....                  (no boots)
Stlth    ..........             G - amulet of faith
HPRegen  0.26/turn              R - ring of fire
MPRegen  0.14/turn              K - +3 ring of intelligence

@: no status effects
A: change form in water, swift swim, stealthy swim
a: Minor Destruction, Lesser Servant of Makhleb, Major Destruction, Renounce
Religion


You were on level 10 of the Dungeon.
You worshipped Makhleb.
Makhleb was greatly pleased with you.
You were hungry.

You visited 1 branch of the dungeon, and saw 10 of its levels.
You also visited: Sewer and Bailey.

You collected 1161 gold pieces.

Inventory:

Hand Weapons
 a - a +0 trident (weapon)
Missiles
 h - 52 tomahawks of returning (quivered)
 L - an exploding tomahawk
Armour
 c - a +0 helmet
 r - a +2 cloak (worn)
 y - a +0 scale mail (worn)
 Q - a +1 helmet (worn)
Jewellery
 b - an uncursed ring of stealth
 k - an uncursed ring of see invisible
 G - an amulet of faith (around neck)
 K - a +3 ring of intelligence (right hand)
 R - a ring of fire (left hand)
Wands
 D - a wand of paralysis (11)
 I - a wand of acid (6)
 M - a wand of random effects (6)
 S - a wand of flame (30)
Scrolls
 e - 4 scrolls of enchant weapon {unknown}
 g - a scroll of enchant armour {unknown}
 i - 4 scrolls of identify {@r1}
 l - a scroll of immolation {unknown}
 n - a scroll of remove curse {@r2}
 o - 2 scrolls of noise {unknown}
 s - a scroll of blinking {unknown}
 u - a scroll of vulnerability {unknown}
 v - 3 scrolls of fear {unknown}
 C - 3 scrolls of teleportation
 E - a scroll of brand weapon
 F - 5 scrolls of random uselessness {unknown}
 N - a scroll of fog {unknown}
Potions
 d - 5 potions of flight {unknown}
 j - 2 potions of degeneration {!q}
 m - 5 potions of brilliance
 q - 2 potions of invisibility
 t - 2 potions of might
 w - 3 potions of lignification
 x - a potion of curing {@q1}
 z - 2 potions of heal wounds
 A - a potion of magic
 B - 2 potions of agility
 H - 3 potions of resistance
 P - a potion of haste {unknown}
Books
 p - a book of Maledictions

   Spells                             Type                      Level
   a - Corona                         Hexes                        1
   b - Ensorcelled Hibernation        Hexes/Ice                    2
   c - Confuse                        Hexes                        3
   d - Tukima's Dance                 Hexes                        3
   e - Dazzling Spray                 Conjuration/Hexes            3
 J - a book of Air

   Spells                             Type                      Level
   a - Shock                          Conjuration/Air              1
   b - Swiftness                      Charms/Air                   2
   c - Static Discharge               Conjuration/Air              3
   d - Airstrike                      Air                          4
   e - Lightning Bolt                 Conjuration/Air              5
Comestibles
 f - 18 rations
 O - 12 chunks of flesh


   Skills:
 + Level 12.3 Fighting
 - Level 14.0 Polearms
 - Level 2.6 Throwing
 - Level 4.7 Dodging
 - Level 6.1 Invocations


You had 8 spell levels left.
You knew the following spells:

 Your Spells              Type           Power        Failure   Level  Hunger
a - Swiftness             Chrm/Air       #.......     88%         2    ###....


Dungeon Overview and Level Annotations

Branches:
Dungeon (10/15)            Temple (0/1) D:6            Lair (0/6) D:9
    Orc (0/2) D:9

Altars:
Cheibriados
Fedhas
Kikubaaqudgha
Makhleb
Nemelex Xobeh
Ru
Trog
Xom
Yredelemnul
Zin

Annotations:
D:6 exclusion: oklob plant
D:8 Erica, Gastronok
D:9 MrWiggles77's ghost, journeyman GnWn
D:10 Joseph


Message History

Tha white ugly thin' trunk-slaps ye but does nay damage.
Yer smoke demon closely misses tha white ugly thin'.
Yer smoke demon hits tha white ugly thin' but does nay damage.
Yer smoke demon hits tha white ugly thin'.
Ye swap places.
Tha white ugly thin' misses ye.
Yer smoke demon gestures at tha white ugly thin'.
Tha sticky flame hits tha white ugly thin'.
Tha white ugly thin' be cov'red in liquid flames!
Yer smoke demon closely misses tha white ugly thin'. x2
Yer smoke demon hits tha white ugly thin'.
Tha white ugly thin' burns!
Yer smoke demon hits tha white ugly thin'.
Yer smoke demon hits tha white ugly thin' but does nay damage. x2
Yer smoke demon barely misses tha white ugly thin'.
Yer smoke demon hits tha white ugly thin' but does nay damage. x2
A demon appears!
Tha white ugly thin' burns!
Tha white ugly thin' trunk-slaps ye!
* * * LOW HITPOINT WARNIN'
* * * Tha white ugly thin' freezes ye!!
Ye feel a terrible chill!
Ye die...

#..#......#####...........
#..#......#####...........
'..#......#####...#####...
#..#......#####...#####.........
#.)#..............#####..........
##†#..............#####..........
#..†.†.....(...3.3#####..........
##.............4u................
##.............@...........%....
##.............................
##...........................#
##.........................#
##.......................##
##......)..............##
##...............÷...##
##.>...............##
##...............##


You could see a white ugly thing (burning), a friendly hellwing and 2 friendly
smoke demons.

Vanquished Creatures
  A manticore (D:6)
  2 hippogriffs
  A yak (D:10)
  2 hogs (D:10)
  4 vampire mosquitoes
  A warg (D:9)
  A water moccasin (D:8)
  5 orc warriors (Bailey)
  2 ice beasts
  5 sky beasts
  2 black bears
  4 ogres
  3 phantoms
  3 centaurs
  A big kobold (Sewer)
  5 bullfrogs
  A wyvern skeleton (D:9)
  A scorpion (D:6)
  4 howler monkeys
  2 bullfrog zombies
  4 crimson imps
  2 centaur zombies
  6 hounds
  A bullfrog skeleton (D:5)
  2 orc wizards
  3 iguanas
  4 worker ants
  A killer bee zombie (D:6)
  A howler monkey zombie (D:5)
  2 gnolls (Bailey)
  11 adders
  5 river rats (Sewer)
  2 shadow imps (D:10)
  2 oozes
  3 adder skeletons
  3 worms
  3 dart slugs
  6 leopard geckos
  16 orcs
  8 bats
  10 giant cockroaches
  10 goblins
  5 hobgoblins
  6 jackals
  5 quokkas
  5 ball pythons
  A ball python skeleton (D:2)
  5 frilled lizards
  40 kobolds
  A leopard gecko zombie (D:9)
  A quokka zombie (D:8)
  28 rats
252 creatures vanquished.

Vanquished Creatures (collateral kills)
  A two-headed ogre (D:7)
  A hog (D:10)
  A human (D:10)
  A warg (D:9)
  An orc warrior (D:9)
  A sky beast (D:10)
  An ogre (D:10)
  2 centaurs (D:10)
9 creatures vanquished.

Grand Total: 261 creatures vanquished

Notes
Turn   | Place    | Note
-------+----------+-------------------------------------------
     0 | D:1      | Inchmeat the Merfolk Gladiator began the quest for the Orb.
     0 | D:1      | Reached XP level 1. HP: 16/16 MP: 1/1
     8 | D:1      | Noticed a bullfrog
    61 | D:1      | Reached XP level 2. HP: 9/23 MP: 2/2
   240 | D:1      | Reached XP level 3. HP: 25/28 MP: 3/3
   578 | D:2      | Reached skill level 5 in Polearms
   617 | D:2      | Found a shimmering altar of Xom.
   617 | D:2      | Found a burning altar of Makhleb.
   643 | D:2      | Became a worshipper of Makhleb the Destroyer
   839 | D:2      | Reached XP level 4. HP: 32/34 MP: 4/4
  1300 | D:2      | Found an ancient bone altar of Kikubaaqudgha.
  1300 | D:2      | Found a blossoming altar of Fedhas.
  1626 | D:3      | Reached skill level 6 in Polearms
  2090 | D:4      | Reached XP level 5. HP: 40/40 MP: 5/5
  2097 | D:4      | Reached * piety under Makhleb
  2264 | D:4      | Found a snail-covered altar of Cheibriados.
  2330 | D:4      | Reached skill level 7 in Polearms
  2465 | D:4      | Noticed a phantom
  2498 | D:4      | Killed a phantom
  2498 | D:4      | Reached skill level 8 in Polearms
  2498 | D:4      | Reached XP level 6. HP: 36/46 MP: 6/6
  2826 | D:5      | Entered Level 5 of the Dungeon
  3151 | D:5      | Noticed a sky beast
  3158 | D:5      | Killed a sky beast
  3158 | D:5      | Reached skill level 9 in Polearms
  3171 | D:5      | Reached XP level 7. HP: 34/51 MP: 7/7
  3176 | D:5      | Reached skill level 10 in Polearms
  3806 | D:5      | Reached skill level 11 in Polearms
  4249 | D:6      | Found a snail-covered altar of Cheibriados.
  4268 | D:6      | Noticed an oklob plant
  4347 | D:6      | Reached skill level 12 in Polearms
  4347 | D:6      | Reached XP level 8. HP: 49/57 MP: 8/8
  4363 | D:6      | Noticed a hippogriff
  4934 | D:6      | Found a glowing drain.
  4940 | Sewer    | Entered a sewer
  4998 | Sewer    | Reached skill level 13 in Polearms
  5052 | Sewer    | Reached ** piety under Makhleb
  5757 | D:6      | Noticed a manticore
  5961 | D:6      | Paralysed by an orc for 6 turns
  6193 | D:6      | Found a staircase to the Ecumenical Temple.
  6272 | D:6      | Reached skill level 14 in Polearms
  6357 | D:6      | Reached skill level 1 in Invocations
  6450 | D:6      | Killed a hippogriff
  6450 | D:6      | Reached XP level 9. HP: 58/65 MP: 8/10
  6590 | D:6      | Killed a manticore
  6590 | D:6      | Reached skill level 5 in Fighting
  7224 | D:7      | Noticed a two-headed ogre
  7270 | D:7      | Found a glowing silver altar of Zin.
  7270 | D:7      | Found a bloodstained altar of Trog.
  7275 | D:7      | Found a sacrificial altar of Ru.
  7277 | D:7      | Found a sparkling altar of Nemelex Xobeh.
  7277 | D:7      | Found a basalt altar of Yredelemnul.
  7311 | D:7      | Reached skill level 5 in Invocations
  7432 | D:7      | Reached *** piety under Makhleb
  7456 | D:7      | Learned a level 2 spell: Swiftness
  8506 | D:8      | Noticed Erica
  8531 | D:8      | Reached XP level 10. HP: 29/82 MP: 14/14
  8613 | D:7      | Killed a two-headed ogre
  9203 | D:8      | Reached skill level 10 in Fighting
  9478 | D:8      | Noticed Gastronok
  9626 | D:9      | Found a flagged portal.
  9712 | Bailey   | Entered a bailey
  9772 | Bailey   | Reached **** piety under Makhleb
 10307 | D:9      | Found a staircase to the Orcish Mines.
 10608 | D:9      | Found a staircase to the Lair.
 10906 | D:9      | Noticed MrWiggles77's ghost (journeyman GnWn)
 11007 | D:10     | Entered Level 10 of the Dungeon
 11285 | D:10     | Noticed Joseph
 11345 | D:10     | Reached XP level 11. HP: 96/96 MP: 15/15
 11357 | D:10     | Noticed a white ugly thing
 11371 | D:10     | Slain by a white ugly thing

Skill      XL: |  1  2  3  4  5  6  7  8  9 10 |
---------------+-------------------------------+-----
Polearms       | 5 6 8 9 12 14 | 14.0
Fighting       | 4 8 12 | 12.3
Invocations    | 2 6 |  6.1
Throwing       | |  2.6
Dodging        | |  4.7

Action                   |  1- 3 |  4- 6 |  7- 9 | 10-12 || total
-------------------------+-------+-------+-------+-------++-------
Melee: Trident           |    80 |   221 |   478 |   381 ||  1160
       Tailslap          |       |       |     4 |       ||     4
Throw: Throwing net      |       |       |     3 |       ||     3
       Tomahawk          |       |       |       |    10 ||    10
Invok: Lesser Servant of |       |       |       |     9 ||     9
Evoke: Wand              |       |       |       |     1 ||     1
  Use: Potion            |       |     3 |     5 |     3 ||    11
       Scroll            |       |       |    15 |     1 ||    16
 Stab: Sleeping          |     1 |       |       |       ||     1
  Eat: Chunk             |       |     7 |    14 |     5 ||    26
       Ration            |       |       |     1 |     1 ||     2
Armor: Leather armour    |    19 |    20 |       |       ||    39
       Ring mail         |       |    34 |     7 |       ||    41
       Scale mail        |       |       |   113 |    90 ||   203
Dodge: Dodged            |    40 |    97 |   216 |   192 ||   545
